 Dungeon Crawl Stone Soup version 0.25.1-2-g60ff931df9 (webtiles) character file.

Game seed: 11662607253937326512

111098 Delamore the Bludgeoner (level 16, -5/108 HPs)
             Began as a Gargoyle Fighter on Aug 26, 2020.
             Was the Champion of Okawaru.
             Hit by a stone thrown by a spriggan rider (22 damage)
             ... on level 1 of the Swamp.
             The game lasted 00:35:32 (31655 turns).

Delamore the Bludgeoner (Gargoyle Fighter)         Turns: 31655, Time: 00:35:32

Health: -5/108     AC: 44    Str: 26    XL:     16   Next: 56%
Magic:  30/30      EV:  8    Int: 15    God:    Okawaru [******]
Gold:   3573       SH: 14    Dex: 13    Spells: 15/15 levels left

rFire    + + +     SeeInvis +   P - +2 morningstar (flame)
rCold    + + +     Gourm    .   q - +0 kite shield {rC+}
rNeg     + . .     Faith    +   e - +7 plate armour "Aryer" {Int+3}
rPois    ∞         Spirit   .   N - +2 helmet
rElec    +         Reflect  .   W - scarf {rC+ rF+}
rCorr    .         Harm     .   h - +1 pair of gloves of the Pleiades {Slay+3}
MR       +....                  b - +2 pair of boots {Fly}
Stlth    ..........             E - amulet "Anom" {Faith rF+ MP+9 Str+2 Stlth+}
HPRegen  0.28/turn              Z - ring "Noivelac" {+Inv rC+ Dex+4}
MPRegen  0.22/turn              p - ring of Nobility {Wiz +Fly rPois rF+ SInv}

@: flying, studying Fighting
A: big wings, negative energy resistance 1, electricity resistance, unbreathing,
petrification resistance, rot immunity, AC +12
a: Stop Flying, Heroism, Finesse, Renounce Religion, Evoke Invisibility


You were on level 1 of the Swamp.
You worshipped Okawaru.
Okawaru was exalted by your worship.
You were not hungry.

You visited 5 branches of the dungeon, and saw 25 of its levels.
You also visited: Gauntlet and Ice Cave.

You collected 3845 gold pieces.
You spent 272 gold pieces at shops.

Inventory:

Hand Weapons
 P - a +2 morningstar of flaming (weapon)
 R - the +7 great mace "Undeadhunter" {disrupt, rN+}
   (Okawaru gifted it to you on level 3 of the Lair of Beasts)

   It protects you from negative energy.
Missiles
 I - 2 throwing nets (quivered)
 Q - 23 javelins
Armour
 b - a +2 pair of boots of flying (worn)
 e - the +7 plate armour "Aryer" (worn) {Int+3}
   (Okawaru gifted it to you on level 1 of the Lair of Beasts)

   It affects your intelligence (+3).
 h - the +1 pair of gloves of the Pleiades (worn) {Slay+3}
   (You found it in a Gauntlet)

   It affects your accuracy and damage with ranged weapons and melee attacks
   (+3).
 o - a +2 kite shield of positive energy
 q - a +0 kite shield of cold resistance (worn)
 L - a +2 pair of gloves of strength
 N - a +2 helmet (worn)
 W - a scarf of resistance (worn)
Jewellery
 p - the ring of Nobility (right hand) {Wiz +Fly rPois rF+ SInv}
   (You found it in a Gauntlet)

   [ring of wizardry]

   It improves your spell success rate.
   It protects you from fire.
   It protects you from poison.
   It lets you see invisible.
   It lets you fly.
 E - the amulet "Anom" (around neck) {Faith rF+ MP+9 Str+2 Stlth+}
   (You took it off a gnoll on level 6 of the Dungeon)

   [amulet of faith]

   It allows you to gain divine favour quickly.
   It affects your strength (+2).
   It protects you from fire.
   It affects your magic capacity (+9).
   It makes you more stealthy.
 Z - the ring "Noivelac" (left hand) {+Inv rC+ Dex+4}
   (You found it on level 6 of the Lair of Beasts)

   [ring of protection from cold]

   It affects your dexterity (+4).
   It protects you from cold.
   It lets you turn invisible.
Wands
 j - a wand of paralysis (33)
 w - a wand of digging (15)
 y - a wand of enslavement (16)
 D - a wand of acid (31)
 F - a wand of iceblast (16)
 G - a wand of disintegration (41)
 H - a wand of flame (32)
 K - a wand of clouds (23)
Scrolls
 c - 4 scrolls of identify
 g - 6 scrolls of enchant armour
 i - 8 scrolls of teleportation
 k - 6 scrolls of fear
 m - 7 scrolls of enchant weapon
 n - 13 scrolls of remove curse
 s - a scroll of holy word
 t - a scroll of amnesia
 u - a scroll of blinking
 v - a scroll of summoning
 z - 3 scrolls of fog
 J - a scroll of silence
 M - 2 scrolls of magic mapping
 Y - 2 scrolls of immolation
Potions
 l - 2 potions of curing
 r - 3 potions of heal wounds
 x - 4 potions of berserk rage
 A - 3 potions of haste
 O - 3 potions of might
 S - 3 potions of mutation
 U - a potion of invisibility
 X - a potion of brilliance
Books
 B - a manual of Fighting
Comestibles
 f - 26 rations


   Skills:
 - Level 15.0 Fighting
 - Level 17.0 Maces & Flails
 + Level 12.9 Armour
 - Level 1.1 Dodging
 - Level 2.3 Stealth
 - Level 15.0 Shields
 - Level 0.6 Unarmed Combat
 - Level 7.0 Invocations
 - Level 7.0 Evocations


You had 15 spell levels left.
You didn't know any spells.
Your spell library contained the following spells:

 Spells                   Type           Power        Failure   Level  Hunger
 Animate Skeleton         Necr           N/A          61%         1    ##.....
 Apportation              Tloc           #.....       61%         1    ##.....
 Corona                   Hex            #......      61%         1    ##.....
 Foxfire                  Conj/Fire      #...         61%         1    ##.....
 Infusion                 Chrm           #...         61%         1    ##.....
 Magic Dart               Conj           #...         61%         1    ##.....
 Pain                     Necr           #...         61%         1    ##.....
 Sandblast                Erth           #.....       61%         1    ##.....
 Shock                    Conj/Air       #...         61%         1    ##.....
 Summon Small Mammal      Summ           #...         61%         1    ##.....
 Blink                    Tloc           N/A          75%         2    ###....
 Call Imp                 Summ           #.......     75%         2    ###....
 Passwall                 Tmut/Erth      #.......     75%         2    ###....
 Searing Ray              Conj           #.....       75%         2    ###....
 Shroud of Golubria       Chrm/Tloc      #.....       75%         2    ###....
 Slow                     Hex            #.......     75%         2    ###....
 Song of Slaying          Chrm           #.......     75%         2    ###....
 Swiftness                Chrm/Air       #.......     75%         2    ###....
 Confusing Touch          Hex            #.......     91%         3    ####...
 Conjure Flame            Conj/Fire      #.......     91%         3    ####...
 Dazzling Flash           Conj/Hex       #.....       91%         3    ####...
 Gell's Gravitas          Tloc           #.........   91%         3    ####...
 Ignite Poison            Fire/Tmut/Pois #.......     91%         3    ####...
 Inner Flame              Hex/Fire       #.......     91%         3    ####...
 Lesser Beckoning         Tloc           #.........   91%         3    ####...
 Mephitic Cloud           Conj/Pois/Air  #.......     91%         3    ####...
 Spectral Weapon          Hex/Chrm       #.......     91%         3    ####...
 Static Discharge         Conj/Air       #.......     91%         3    ####...
 Stone Arrow              Conj/Erth      #.....       91%         3    ####...
 Teleport Other           Tloc           #.......     91%         3    ####...
 Vampiric Draining        Necr           #.........   91%         3    ####...
 Airstrike                Air            #.........   100%        4    #####..
 Animate Dead             Necr           N/A          100%        4    #####..
 Fulminant Prism          Conj/Hex       #.........   100%        4    #####..
 Iskenderun's Mystic Bla  Conj/Tloc      #.......     100%        4    #####..
 Passage of Golubria      Tloc           N/A          100%        4    #####..
 Petrify                  Tmut/Erth      #.......     100%        4    #####..
 Sticky Flame             Conj/Fire      #.......     100%        4    #####..
 Agony                    Necr           #.......     100%        5    ######.
 Fireball                 Conj/Fire      #.........   100%        5    ######.
 Lee's Rapid Deconstruct  Erth           #.........   100%        5    ######.
 Lightning Bolt           Conj/Air       #.........   100%        5    ######.
 Metabolic Englaciation   Hex/Ice        #.........   100%        5    ######.
 Yara's Violent Unravell  Hex/Tmut       #.........   100%        5    ######.
 Starburst                Conj/Fire      #.........   100%        6    #######
 Ring of Flames           Chrm/Fire      #.........   100%        7    #######
 Ignition                 Fire           #.........   100%        8    #######


Dungeon Overview and Level Annotations

Branches:
Dungeon (15/15)            Temple (1/1) D:4            Lair (6/6) D:11
  Swamp (1/4) Lair:3       Spider (0/4) Lair:2        Slime (0/5) Lair:5
    Orc (2/2) D:10            Elf (0/3) Orc:2        Vaults (0/5) D:14
 Depths (0/5) D:15          IceCv (visited)         Gauntlet (visited)

Altars:
Cheibriados
Dithmenos
Elyvilon
Fedhas
Gozag
Makhleb
Nemelex Xobeh
Okawaru
Qazlal
Ru
Sif Muna
Trog
Uskayaw
Vehumet
Wu Jian
Yredelemnul
Zin
The Shining One

Shops:
D:8 %   D:13 !   D:14 =   Orc:2 (([!

Annotations:
D:12 exclusion: oklob plant
Swamp:1 Riag's ghost, journeyman FeBe


Innate Abilities, Weirdness & Mutations

You are resistant to torment.
Your stone body is resilient. (AC +12)
You are immune to poison.
Your large and strong wings let you fly indefinitely.
You resist negative energy. (rN+)
You are resistant to electric shocks. (rElec)
You can survive without breathing.
You are immune to petrification.
You are immune to rotting.


Message History

You kill the spriggan!
Okawaru accepts your kill. The spriggan barely misses you.
You block the spriggan rider's attack.
You sock the spriggan! You burn the spriggan!
The spriggan is almost dead.
You block Riag's ghost's attack.
The spriggan hits you but does no damage.
You bludgeon the spriggan!! You burn the spriggan.
You kill the spriggan!
Okawaru accepts your kill. The spriggan rider closely misses you.
You block Riag's ghost's attack.
The spriggan rider hits you but does no damage.
Riag's ghost hits you!!
* * * LOW HITPOINT WARNING * * *
Things that are here:
a +0 dagger; a +0 robe The spriggan rider hits you with a +3 spear.
* * * LOW HITPOINT WARNING * * *
The spriggan rider throws a stone.
The stone hits you!!
You die...

.≈....♣ ♣♣.....≈...≈♣♣♣♣≈♣♣♣≈..
≈....≈♣ ♣♣≈.........≈≈≈♣♣♣♣♣)..♣
≈≈....♣♣♣♣.≈≈♣≈≈...≈≈≈≈≈♣.≈≈.≈≈..
.≈.≈≈..♣.............♣§♣≈.≈≈≈.≈.♣
...≈..≈.≈...#####...)≈§≈≈..≈≈...≈
≈≈..≈.....###.©.###..≈≈..≈≈.≈≈≈≈≈
..≈≈.....###i#....##.≈..≈≈≈.≈≈≈♣.
≈.≈≈.≈.(.#..###.i..#......≈.≈....
.≈...≈..##..#≈#.@W)##.≈≈...≈≈≈≈≈≈
.....≈..#...#....).)#.....≈♣.♣≈≈≈
...≈...©#i...._....©#©..≈≈≈..≈≈..
........#..##...≈#..#..≈.≈≈..≈≈♣.
♣♣......####≈#.######...≈.≈≈..≈♣.
♣..≈♣♣...# ###.#..##......♣♣♣≈≈..
♣..≈♣♣♣..###....(.##..≈≈≈.♣♣..≈≈≈
≈..≈♣♣.♣..###..W###..≈.≈≈≈♣..≈..≈
.≈≈♣♣♣.§....#####...≈≈.≈≈≈..♣."..


You could see 2 spriggan riders and Riag's ghost.

Vanquished Creatures
  A frost giant (IceCv)
  A dire elephant (Lair:6)
  A minotaur (Gauntlet)
  A blizzard demon (Gauntlet)
  Josephine (D:12)
  7 hydras
  A rakshasa (D:15)
  2 centaur warriors
  A ghost crab (Swamp:1)
  A catoblepas (D:15)
  An anaconda (shapeshifter) (D:15)
  9 two-headed ogres
  An ogre mage (D:15)
  11 death yaks
  Urug (D:11)
  3 alligators (Swamp:1)
  4 tengu warriors
  2 orc high priests (Orc:1)
  A spriggan berserker (Swamp:1)
  Nergalle (Lair:2)
  The ghost of Colgate the Destroyer, a novice DrCj of Sif Muna (D:6)
  2 unseen horrors
  A glowing orange brain (D:15)
  2 swamp dragons (Swamp:1)
  A phantasmal warrior (D:14)
  4 lindwurms (Lair:6)
  Pikel (D:5)
  12 ugly things
  4 orc sorcerers
  4 orc knights
  4 harpies (D:13)
  2 deep elf magi
  3 cyclopes
  2 moths of wrath (Swamp:1)
  A manticore (D:13)
  2 molten gargoyles (Lair:5)
  5 elephants
  2 black mambas (Lair:6)
  A gargoyle (D:11)
  10 spiny frogs
  Maggie (D:9)
  3 komodo dragons
  A yaktaur (shapeshifter) (D:13)
  2 efreet
  7 rime drakes
  An ice devil (Gauntlet)
  A harpy zombie (D:13)
  3 tengu conjurers
  8 trolls
  4 hornets (Swamp:1)
  2 tyrant leeches (Swamp:1)
  A hornet (shapeshifter) (D:15)
  19 polar bears
  4 jumping spiders (Lair:2)
  5 blink frogs
  4 bog bodies
  2 dream sheep (Lair:6)
  3 slime creatures (D:15)
  11 hippogriffs
  5 flying skulls (Gauntlet)
  A shadow (D:11)
  8 spriggans
  2 wyverns
  2 redbacks (Lair:2)
  3 water elementals
  53 yaks
  6 wraiths
  9 basilisks
  A hungry ghost (D:9)
  6 vampire mosquitoes
  Menkaure (D:7)
  2 wargs
  7 swamp worms (Swamp:1)
  2 acid dragons
  Edmund (D:4)
  12 water moccasins
  7 porcupines
  Duvessa (D:4)
  40 orc warriors
  12 ice beasts
  8 sky beasts
  4 swamp drakes (Swamp:1)
  3 necrophages
  3 phantoms
  22 wolves
  16 ogres
  13 centaurs
  8 crocodiles
  16 bullfrogs
  Blork the orc (D:4)
  Dowan (D:4)
  3 gnoll sergeants (D:6)
  A wyvern zombie (D:14)
  2 wyvern skeletons
  2 scorpions
  3 electric eels (D:11)
  17 wights
  6 howler monkeys
  6 crimson imps
  5 lava snakes (Lair:5)
  3 bullfrog zombies
  10 hounds
  4 jellies (Lair:5)
  6 centaur skeletons
  3 centaur zombies
  A gnoll shaman (D:6)
  18 orc priests
  25 orc wizards
  Ijyb (D:3)
  Terence (D:2)
  4 bullfrog skeletons
  4 iguanas
  14 worker ants
  2 killer bee zombies
  A hound skeleton (D:7)
  11 adders
  12 gnolls
  A howler monkey skeleton (D:6)
  2 shadow imps
  2 oozes (Lair:5)
  2 adder skeletons
  An adder zombie (D:10)
  4 worms
  2 dart slugs
  7 leopard geckos
  98 orcs
  7 giant cockroaches
  4 goblins
  5 hobgoblins
  5 jackals
  5 quokkas
  A ball python (D:1)
  7 bats
  9 frilled lizards
  6 kobolds
  A leopard gecko zombie (D:7)
  9 rats
816 creatures vanquished.

Vanquished Creatures (others)
  A tyrant leech (Swamp:1)
  A sky beast (D:14)
  A fungus (Lair:5)
  9 plants
  11 withered plants (Gauntlet)
23 creatures vanquished.

Grand Total: 839 creatures vanquished

Notes
Turn   | Place    | Note
-------+----------+-------------------------------------------
     0 | D:1      | Delamore the Gargoyle Fighter began the quest for the Orb.
     0 | D:1      | Reached XP level 1. HP: 14/14 MP: 1/1
   233 | D:1      | Reached XP level 2. HP: 15/20 MP: 2/2
   694 | D:1      | Reached XP level 3. HP: 19/24 MP: 3/3
  1255 | D:2      | Reached XP level 4. HP: 29/29 MP: 4/4
  1320 | D:2      | Reached skill level 3 in Maces & Flails
  1491 | D:2      | Noticed Terence
  1510 | D:2      | Killed Terence
  1510 | D:2      | Reached XP level 5. HP: 34/34 MP: 5/5
  1869 | D:2      | Found a stormy altar of Qazlal.
  2100 | D:2      | Found a shadowy altar of Dithmenos.
  2102 | D:2      | Found a shimmering blue altar of Sif Muna.
  2102 | D:2      | Found a glowing golden altar of the Shining One.
  2102 | D:2      | Found a burning altar of Makhleb.
  2102 | D:2      | Found a snail-covered altar of Cheibriados.
  2102 | D:2      | Found a glowing silver altar of Zin.
  2103 | D:2      | Found a hide-covered altar of Uskayaw.
  2104 | D:2      | Found an iron altar of Okawaru.
  2106 | D:2      | Found a basalt altar of Yredelemnul.
  2107 | D:2      | Found an opulent altar of Gozag.
  2111 | D:2      | Became a worshipper of Warmaster Okawaru
  2313 | D:2      | Reached skill level 1 in Dodging
  2491 | D:3      | Reached skill level 4 in Maces & Flails
  2491 | D:3      | Reached XP level 6. HP: 40/40 MP: 6/6
  2503 | D:3      | Reached skill level 5 in Fighting
  2687 | D:3      | Noticed Ijyb
  2706 | D:3      | Killed Ijyb
  3105 | D:4      | Noticed Blork the orc
  3114 | D:4      | Killed Blork the orc
  3152 | D:4      | Found a staircase to the Ecumenical Temple.
  3165 | D:4      | Reached skill level 5 in Maces & Flails
  3165 | D:4      | Reached skill level 5 in Shields
  3165 | D:4      | Reached XP level 7. HP: 32/44 MP: 7/7
  3439 | D:4      | Noticed Edmund
  3494 | D:4      | Killed Edmund
  3494 | D:4      | Reached * piety under Okawaru
  3494 | D:4      | Reached skill level 6 in Maces & Flails
  3580 | D:4      | Noticed Pikel
  3617 | D:5      | Entered Level 5 of the Dungeon
  3866 | D:5      | Killed Pikel
  3866 | D:5      | Reached ** piety under Okawaru
  3866 | D:5      | Reached skill level 8 in Maces & Flails
  3866 | D:5      | Reached XP level 8. HP: 27/49 MP: 8/8
  4268 | D:4      | Noticed Duvessa
  4268 | D:4      | Noticed Dowan
  4286 | D:4      | Killed Duvessa
  4297 | D:4      | Killed Dowan
  4311 | D:4      | Reached skill level 9 in Maces & Flails
  4626 | Temple   | Entered the Ecumenical Temple
  4776 | D:5      | Found an ornate altar of the Wu Jian Council.
  5702 | D:6      | Reached *** piety under Okawaru
  5715 | D:6      | Reached skill level 10 in Maces & Flails
  5715 | D:6      | Reached XP level 9. HP: 39/54 MP: 9/9
  5740 | D:6      | Reached skill level 1 in Stealth
  6149 | D:6      | Found a transporter.
  6149 | D:6      | Found a transporter.
  6151 | D:6      | Identified the amulet "Anom" {Faith rF+ MP+9 Str+2 Stlth+}
  6151 | D:6      | Identified the +1 spear "Furohu" {vamp, Int+3}
  6439 | D:6      | Reached skill level 11 in Maces & Flails
  7003 | D:6      | Noticed Colgate's ghost (novice DrCj)
  7035 | D:6      | Killed Colgate's ghost
  7035 | D:6      | Reached **** piety under Okawaru
  7035 | D:6      | Reached skill level 12 in Maces & Flails
  7446 | D:7      | Noticed Menkaure
  7458 | D:7      | Killed Menkaure
  7458 | D:7      | Reached XP level 10. HP: 51/59 MP: 10/10
  7526 | D:7      | Reached skill level 13 in Maces & Flails
  7911 | D:7      | Found a sparkling altar of Nemelex Xobeh.
  7980 | D:7      | Found a sacrificial altar of Ru.
  8132 | D:7      | Reached skill level 14 in Maces & Flails
  8289 | D:8      | Reached ***** piety under Okawaru
  8406 | D:8      | Noticed a cyclops
  8429 | D:8      | Killed a cyclops
  8595 | D:8      | Reached skill level 15 in Maces & Flails
  8755 | D:8      | Received a gift from Okawaru
  9181 | D:9      | Reached XP level 11. HP: 44/63 MP: 11/11
  9740 | D:8      | Found Sygod's Food Shoppe.
  9888 | D:9      | Reached skill level 16 in Maces & Flails
  9973 | D:9      | Found a radiant altar of Vehumet.
 10583 | D:9      | Noticed Maggie
 10613 | D:9      | Killed Maggie
 10962 | D:10     | Entered Level 10 of the Dungeon
 11556 | D:10     | Found a staircase to the Orcish Mines.
 12206 | D:11     | Noticed a red ugly thing
 12263 | D:10     | Killed a red ugly thing
 12263 | D:10     | Received a gift from Okawaru
 12644 | D:11     | Reached skill level 10 in Shields
 12660 | D:11     | Noticed Urug
 12667 | D:11     | Noticed a cyan ugly thing
 13073 | D:11     | Killed Urug
 13073 | D:11     | Reached ****** piety under Okawaru
 13073 | D:11     | Reached skill level 17 in Maces & Flails
 13073 | D:11     | Reached XP level 12. HP: 64/68 MP: 12/12
 13323 | D:11     | Noticed a two-headed ogre
 13332 | D:11     | Killed a two-headed ogre
 13580 | D:11     | Found a staircase to the Lair.
 13677 | Lair:1   | Entered Level 1 of the Lair of Beasts
 13691 | Lair:1   | Received a gift from Okawaru
 13692 | Lair:1   | Got a scorched plate armour {god gift}
 13703 | Lair:1   | Identified the +7 plate armour "Aryer" {Int+3} (Okawaru
                  | gifted it to you on level 1 of the Lair of Beasts)
 14592 | Lair:2   | Found a hole to the Spider Nest.
 14858 | Lair:2   | Noticed Nergalle
 14868 | Lair:2   | Killed Nergalle
 14907 | Lair:2   | Noticed a four-headed hydra
 14913 | Lair:2   | Killed a four-headed hydra
 15503 | Lair:3   | Found an ornate altar of the Wu Jian Council.
 15525 | Lair:3   | Noticed a death yak
 15525 | Lair:3   | Noticed a death yak
 15525 | Lair:3   | Noticed a death yak
 15526 | Lair:3   | Noticed a death yak
 15526 | Lair:3   | Noticed a death yak
 15545 | Lair:2   | Killed a death yak
 15547 | Lair:3   | Noticed a death yak
 15559 | Lair:2   | Killed a death yak
 15559 | Lair:2   | Reached XP level 13. HP: 57/79 MP: 13/13
 16488 | Lair:3   | Received a gift from Okawaru
 16489 | Lair:3   | Found the +7 great mace "Undeadhunter" {disrupt, rN+}
 16530 | Lair:3   | Found a staircase to the Swamp.
 17222 | Swamp:1  | Entered Level 1 of the Swamp
 17404 | Lair:4   | Reached skill level 10 in Fighting
 18134 | Lair:5   | Received a gift from Okawaru
 18280 | Lair:5   | Found a staircase to the Slime Pits.
 19545 | Lair:6   | Entered Level 6 of the Lair of Beasts
 19554 | Lair:6   | Received a gift from Okawaru
 19644 | Lair:6   | Reached skill level 15 in Shields
 19755 | Lair:6   | Gained mutation: Your large and strong wings let you fly
                  | indefinitely. [Gargoyle growth]
 19755 | Lair:6   | Reached XP level 14. HP: 90/91 MP: 14/14
 20255 | Lair:6   | Got a wavering silver ring
 20512 | Lair:6   | Received a gift from Okawaru
 20520 | Lair:6   | Got a pair of ancient gloves {god gift}
 20531 | Lair:6   | Identified the +0 pair of gloves "Ojaottum" {rCorr Str-3
                  | Dex+2} (Okawaru gifted it to you on level 6 of the Lair of
                  | Beasts)
 20531 | Lair:6   | Identified the ring "Noivelac" {+Inv rC+ Dex+4} (You found
                  | it on level 6 of the Lair of Beasts)
 20551 | Lair:6   | Noticed a dire elephant
 20566 | Lair:6   | Killed a dire elephant
 20588 | Lair:6   | Got a faintly glowing wooden ring
 20593 | Lair:6   | Identified the ring "Sefaifij" {Fire Dex+3} (You found it
                  | on level 6 of the Lair of Beasts)
 21143 | Orc:1    | Entered Level 1 of the Orcish Mines
 22419 | Orc:2    | Entered Level 2 of the Orcish Mines
 22582 | Orc:2    | Paralysed by an orc sorcerer for 7 turns
 22817 | Orc:2    | Reached skill level 15 in Fighting
 22823 | Orc:2    | Reached skill level 1 in Invocations
 22936 | Orc:2    | Reached skill level 1 in Evocations
 22973 | Orc:2    | Received a gift from Okawaru
 23982 | Orc:2    | Found Xips's Antique Armour Shop.
 23982 | Orc:2    | Found Myhauph's Antique Weapon Emporium.
 23984 | Orc:2    | Found Ciawkodo's Weapon Shoppe.
 23986 | Orc:2    | Found Cuinuz's Distillery.
 23998 | Orc:2    | Bought a potion of brilliance for 40 gold pieces
 24000 | Orc:2    | Bought a pair of runed boots for 232 gold pieces
 24168 | Orc:2    | Found a staircase to the Elven Halls.
 24517 | D:12     | Reached skill level 5 in Armour
 24544 | D:12     | Reached XP level 15. HP: 101/103 MP: 17/17
 24603 | D:12     | Noticed Josephine
 24612 | D:12     | Killed Josephine
 24920 | D:12     | Found a blossoming altar of Fedhas.
 25327 | D:13     | Found Dukaith's Distillery.
 25374 | D:13     | Reached skill level 5 in Invocations
 25522 | D:13     | Found a white marble altar of Elyvilon.
 25976 | D:14     | Found Jeohagig's Jewellery Shoppe.
 25986 | D:14     | Found a frozen archway.
 25999 | D:14     | Received a gift from Okawaru
 26026 | IceCv    | Entered an ice cave
 26157 | IceCv    | Reached skill level 5 in Evocations
 26332 | IceCv    | Received a gift from Okawaru
 26721 | IceCv    | Noticed a frost giant
 26741 | IceCv    | Killed a frost giant
 27529 | D:14     | Found a gate to the Vaults.
 27832 | D:15     | Entered Level 15 of the Dungeon
 27865 | D:15     | Found a gate leading to a gauntlet.
 27869 | Gauntlet | Entered a Gauntlet
 27869 | Gauntlet | Found a transporter.
 27869 | Gauntlet | Found a transporter.
 27869 | Gauntlet | Found a large runed translucent door.
 27869 | Gauntlet | Found a large runed translucent door.
 27869 | Gauntlet | Found a large runed translucent door.
 27869 | Gauntlet | Found a large runed translucent door.
 27869 | Gauntlet | Found a large runed translucent door.
 27869 | Gauntlet | Found a large runed translucent door.
 27869 | Gauntlet | Found a runed translucent door.
 27869 | Gauntlet | Found a runed translucent door.
 27869 | Gauntlet | Found a large runed translucent door.
 27869 | Gauntlet | Found a large runed translucent door.
 27869 | Gauntlet | Found a large runed translucent door.
 27869 | Gauntlet | Found a large runed translucent door.
 27869 | Gauntlet | Found a large runed translucent door.
 27869 | Gauntlet | Found a large runed translucent door.
 27873 | Gauntlet | Found a transporter.
 27873 | Gauntlet | Found a transporter.
 27874 | Gauntlet | Found a large runed translucent door.
 27874 | Gauntlet | Found a large runed translucent door.
 27874 | Gauntlet | Found a large runed translucent door.
 27874 | Gauntlet | Found a large runed translucent door.
 27878 | Gauntlet | Found a runed translucent gate.
 27878 | Gauntlet | Found a runed translucent gate.
 27878 | Gauntlet | Found a runed translucent gate.
 27880 | Gauntlet | Found a transporter.
 27945 | Gauntlet | Found a transporter.
 27967 | Gauntlet | Found a transporter.
 27978 | Gauntlet | Found a transporter.
 27982 | Gauntlet | Found a transporter.
 27992 | Gauntlet | Found a transporter.
 27996 | Gauntlet | Found a transporter.
 28086 | Gauntlet | Found a transporter.
 28103 | Gauntlet | Found a transporter.
 28114 | Gauntlet | Found a transporter.
 28228 | Gauntlet | Found a transporter.
 28244 | Gauntlet | Found a transporter.
 28366 | Gauntlet | Identified the Reference Book on Helpful Air
 28421 | Gauntlet | Got a pair of steaming gloves
 28434 | Gauntlet | Identified the +1 pair of gloves of the Pleiades {Slay+3}
                  | (You found it in a Gauntlet)
 28475 | Gauntlet | Got a coiled granite ring
 28478 | Gauntlet | Identified the ring of Nobility {Wiz +Fly rPois rF+ SInv}
                  | (You found it in a Gauntlet)
 28505 | Gauntlet | Reached XP level 16. HP: 79/108 MP: 21/21
 28757 | D:15     | Received a gift from Okawaru
 28763 | D:15     | Reached skill level 10 in Armour
 28824 | D:15     | Found a snail-covered altar of Cheibriados.
 28987 | D:15     | Found a staircase to the Depths.
 30405 | Swamp:1  | Identified a scroll of acquirement
 30415 | Swamp:1  | Acquired 1370 gold pieces
 30440 | Swamp:1  | Identified the cursed +1 rapier of War {flame, Str+8}
 30445 | Swamp:1  | Noticed Riag's ghost (journeyman FeBe)
 30796 | Swamp:1  | Identified the +11 spear "Adolagov" {freeze, rPois rF++
                  | Dex-5 Stlth+}
 30796 | Swamp:1  | Identified the ring "Daxeaghoema" {*Drain rN+ Int+7}
 30806 | Swamp:1  | Found a transporter.
 30829 | Swamp:1  | Found a transporter.
 30841 | Swamp:1  | Found a bloodstained altar of Trog.
 31374 | Swamp:1  | Received a gift from Okawaru
 31402 | Swamp:1  | HP: 3/108 [spriggan berserker/the cursed +1 rapier of War
                  | {flame, Str+8} (9)]
 31655 | Swamp:1  | Hit by a stone thrown by a spriggan rider

Illustrated notes

Levels and vault maps discovered:
D:1:      psy_arrival_dodecagon, layout_basic, minmay_nonomino_d4
D:2:      minmay_door_path, layout_rooms, minitemple, uniq_terence
D:3:      layout_basic, uniq_ijyb
D:4:      layout_gridville, minmay_temple_entry_butterflies, uniq_duvessa,
          uniq_edmund, uniq_blork_the_orc, uniq_pikel
D:5:      layout_loops_ring, lemuel_crystal_altar, first_ration
D:6:      layout_loops_ring, gammafunk_ghost_gnarly_gnolls
D:7:      layout_gridville, lemuel_doored_altar, the_bakery,
          nicolae_ru_path_of_blood, uniq_menkaure
D:8:      layout_cave_pools, serial_shops, kennysheep_mini,
          minmay_increasing_density
D:9:      layout_cave_pods, basic_altar, uniq_maggie
D:10:     layout_irregular_city, orc_0_dummy, nicolae_two_hexagons
D:11:     layout_basic, lair_entry_dummy, uniq_urug
D:12:     layout_rooms, tgw_fedhas, uniq_josephine
D:13:     layout_roguey, serial_shops, shop, kennysheep_cluttered_room,
          elyvilon_altar_1
D:14:     layout_gridville, david_vaults_4, hangedman_decor_peaks_small,
          portal_ice_cave_entry_ice_beasts, serial_shops, shop_statue
D:15:     gammafunk_enter_depths_forms, layout_loops_ring, basic_altar,
          gauntlet_entry_generic, wad_woods_river_04
Temple:   grunt_temple_mini_profane
Lair:1:   layout_roguey, grunt_megastairs_4, serial_bayou_shore_b,
          infiniplex_staircase_pool_2
Lair:2:   layout_cave_pods, nicolae_spider_entry_tight_spaces,
          serial_bayou_crossing, uniq_nergalle
Lair:3:   layout_layer_cave, skrybe_swamp_entry_bodies, basic_altar
Lair:4:   layout_hall_layers
Lair:5:   cheibrodos_magma_flow, layout_long_grid,
          nicolae_slime_entry_slimehenge, serial_bayou_pond_e,
          kennysheep_basilisk_garden, lemuel_fruit_fields, lemuel_fruit_fields
Lair:6:   hangedman_lair_in_review, layout_regular_city, patterned_corridor
Swamp:1:  layout_falls_marsh, gammafunk_ghost_wrathful_warriors,
          serial_swamp_ruin, evilmike_swamp_ruin_house_5,
          evilmike_swamp_ruin_rubble_1, swamp_pool5, infiniplex_staircase_pool
Orc:1:    layout_caves
Orc:2:    st_orc_rangers, layout_caves, nicolae_orc_crystal_geode

Skill      XL: |  1  2  3  4  5  6  7  8  9 10 11 12 13 14 15 16 |
---------------+-------------------------------------------------+-----
Fighting       | 4 5 8 11 15 | 15.0
Maces & Flails | 3 4 5 8 10 12 15 17 | 17.0
Shields        | 4 5 7 10 13 15 | 15.0
Dodging        | 1 |  1.1
Stealth        | 1 2 |  2.3
Invocations    | 3 7 |  7.0
Evocations     | 2 7 |  7.0
Armour         | 5 9 12 | 12.9
Unarmed Combat | |  0.6

Action                   |  1- 3 |  4- 6 |  7- 9 | 10-12 | 13-15 | 16-18 || total
-------------------------+-------+-------+-------+-------+-------+-------++-------
Melee: Flail             |   133 |   221 |   122 |       |       |       ||   476
       Whip              |       |       |   435 |   916 |       |       ||  1351
       Morningstar       |       |       |       |   339 |  1551 |   368 ||  2258
       Unarmed           |       |       |       |    20 |       |       ||    20
Invok: Heroism           |       |       |     3 |       |       |     1 ||     4
       Finesse           |       |       |       |       |       |     1 ||     1
  Use: Potion            |       |     1 |     3 |     3 |       |     9 ||    16
       Scroll            |       |       |    10 |    10 |     8 |     6 ||    34
 Stab: Distracted        |       |       |       |       |     1 |       ||     1
  Eat: Chunk             |     1 |     7 |    11 |    23 |    30 |     4 ||    76
       Ration            |       |       |     1 |     1 |     4 |     2 ||     8
Armor: Scale mail        |    93 |    29 |       |       |       |       ||   122
       Chain mail        |       |   136 |   292 |   425 |       |       ||   853
       Skin              |       |       |       |     2 |       |       ||     2
       Plate armour      |       |       |       |    82 |   898 |   220 ||  1200
Dodge: Dodged            |    66 |    68 |   129 |   220 |   324 |    71 ||   878
Block: Kite shield       |    83 |   139 |   256 |   471 |  1111 |   208 ||  2268
